[Event "*** Titled Tuesday Blitz"]
[Site "Chess.com"]
[Date "2021.04.27"]
[Round "1"]
[White "JoliyRoger"]
[Black "vinniethepooh"]
[Result "0-1"]
[WhiteElo "2400"]
[BlackElo "2738"]
[TimeControl "180+1"]
[EndTime "10:08:20 PDT"]
[Termination "vinniethepooh won by resignation"]

1. Nf3 d5 2. c4 c6 3. e3 Nf6 4. b3 g6 5. Bb2 Bg7 6. d4 O-O 7. Bd3 Bf5 8. O-O Nbd7 9. Bxf5 gxf5 10. Qc2 e6 11. Nbd2 Ne4 12. Rae1 Kh8 13. Kh1 a5 14.
Re2 a4 15. b4 a3 16. Bc1 b5 17.
c5 Qf6 18. Ne1 e5 19. Ndf3 Qg6 20. dxe5 Nxe5 21. Nxe5 Bxe5 22. Nf3 f6 23. Nxe5 fxe5 24. f3 Ng5 25. Qb3 Qe6 26. Bxa3 d4 27. Qxe6 Nxe6 28. Bb2 Rxa2 29. exd4 Nxd4 30. Rd2 Kg8 31. h3 Kf7 32. f4 Nb3 33. Re2 e4 34. Rd1 Re8 35. Rd7+ Re7 36.
Rxe7+ Kxe7 37. Bf6+ Kxf6 38. Rxa2 Ke6 39. Kg1 Kd5 40. Rb2 Nd4 41. g4 e3 42. Kg2 Ke4 43.
gxf5 Nxf5 44. Ra2 Kxf4 45. Ra6 Nd4 46. Ra8 Ke4 47. Rd8 Kd3 48. Kf1 Kc3 49. Ke1 Nc2+ 50.
Ke2 Kxb4 51. Rd6 Kxc5 52. Rd7 Kc4 53. Rxh7 b4 54. Rh4+ Kc3 55. Rh5 Kc4 56. h4 b3 57. Rh8 b2 58. Rb8 Nb4 59. Kxe3 b1=Q 0-1

[Event "*** Titled Tuesday Blitz"]
[Site "Chess.com"]
[Date "2021.04.27"]
[Round "1"]
[White "Kale36"]
[Black "enriquetejedor"]
[Result "0-1"]
[WhiteElo "2278"]
[BlackElo "2601"]
[TimeControl "180+1"]
[EndTime "10:08:21 PDT"]
[Termination "enriquetejedor won by checkmate"]

1. d4 d5 2. Nc3 e6 3. Nf3 Nf6 4. Bg5 Be7 5. Bxf6 gxf6 6. e4 dxe4 7. Nxe4 f5 8. Nc3 a6 9. g3 b5 10. Bg2 Bb7 11. O-O c5 12. dxc5 Qxd1 13. Raxd1 Bxc5 14. Ne5 Ra7 15. a3 Bxg2 16. Kxg2 Nd7 17. Nxd7 Rxd7 18. Rxd7 Kxd7 19. Rd1+ Ke7 20. f4 Rc8 21. Rd2 Bxa3 22. Nd1 Bb4 23. c3 Bd6 24. b4 Rc4 25. Ra2 Rc6 26.
Kf3 Kd7 27. Ke2 Kc7 28. Kd3 Kb6 29. Ne3 Bf8 30. g4 fxg4 31. Nxg4 Rd6+ 32. Ke4 f5+ 33. Ke5 fxg4 34. Rg2 h5 35. h3 gxh3 36. Rh2 Rd3 37.
Kxe6 Rxc3 38. f5 Bxb4 39. f6 Re3+ 40. Kd7 Rd3+ 41. Ke6 a5 42. f7 a4 43. Rb2 Bc5 44. Rc2 Re3+ 45. Kd7 Re7+ 46. Kd8 Rxf7 47. Rh2 Rf3 48. Re2 a3 49. Re6+ Ka5 50. Re2 b4 51.
Re5 Rc3 52. Kc7 a2 53. Re1 b3 54. Ra1 Kb4 55. Kb7 Rc2 56. Rd1 h2 57. Rd7 b2 58.
Rc7 b1=Q 59. Kc8 a1=Q 60. Rb7+ Bb6+ 61. Kb8 Qh8# 0-1

[Event "*** Titled Tuesday Blitz"]
[Site "Chess.com"]
[Date "2021.04.27"]
[Round "1"]
[White "AldokhinIvan"]
[Black "DonBroca"]
[Result "0-1"]
[WhiteElo "2527"]
[BlackElo "2221"]
[TimeControl "180+1"]
[EndTime "10:08:21 PDT"]
[Termination "DonBroca won by resignation"]

1. e4 c5 2. Nf3 d6 3. d4 cxd4 4. Nxd4 Nf6 5. Nc3 g6 6. Bc4 Bg7 7. Bb3 Nc6 8. Be3 O-O 9. h3 Bd7 10. O-O Rc8 11. f4 Na5 12. e5 dxe5 13. fxe5 Nh5 14.
e6 Nxb3 15. exd7 Rxc3 16. bxc3 Nxa1 17. Qxa1 Qxd7 18. Qe1 e5 19. Nb3 b6 20. c4 Qc6 21.
c5 Nf4 22. Bxf4 exf4 23. cxb6 Qxb6+ 24. Kh1 g5 25. c4 Rc8 26. c5 Qb5 27. Rf3 a5 28.
Qe4 a4 29. Qf5 Qc6 30. Nd2 Qxc5 31. Qd3 Qd4 32. Qxd4 Bxd4 33. Ne4 Rc1+ 34. Kh2 Bg1+ 35. Kh1 Bd4+ 36. Kh2 h6 37. g3 Be5 38. gxf4 Bxf4+ 39. Kg2 Rc2+ 40. Kf1 Rxa2 41. Nf6+ Kg7 42. Nh5+ Kg6 43.
Nxf4+ gxf4 44. Rxf4 f5 45. Kg1 a3 46. Ra4 Kg5 47.
Kf1 f4 48. Kg1 Kh4 49. Rxf4+ Kg3 50. Rg4+ Kxh3 51. Ra4 h5 52. Ra5 h4 53. Ra4 Kg3 54. Kf1 h3 55. Ra8 Ra1+ 56. Ke2 h2 57. Rg8+ Kf4 58. Rf8+ Ke5 59. Re8+ Kd6 60. Rd8+ Ke7 61. Rh8 h1=Q 62. Rxh1 Rxh1 0-1

[Event "*** Titled Tuesday Blitz"]
[Site "Chess.com"]
[Date "2021.04.27"]
[Round "1"]
[White "MerryPoppies"]
[Black "gonzaga23"]
[Result "0-1"]
[WhiteElo "2096"]
[BlackElo "2504"]
[TimeControl "180+1"]
[EndTime "10:08:25 PDT"]
[Termination "gonzaga23 won on time"]

1. d4 Nf6 2. Nf3 e6 3. Bf4 c5 4.
e3 Nc6 5. c3 b6 6. Nbd2 Bb7 7. Be2 Be7 8. O-O O-O 9. Rc1 Rc8 10.
Ne5 Nxe5 11. Bxe5 d6 12. Bg3 Qd7 13. Bf3 cxd4 14. exd4 Rfd8 15. Bxb7 Qxb7 16. Qf3 Qxf3 17.
Nxf3 Ne4 18. Bf4 b5 19. Nd2 Nf6 20. Rfe1 b4 21. c4 a5 22. b3 a4 23. Ne4 Nxe4 24.
Rxe4 d5 25. cxd5 Rxc1+ 26. Bxc1 Rxd5 27. bxa4 Ra5 28. Re2 Kf8 29. Kf1 Rxa4 30. Rc2 Ke8 31. Ke2 Ra5 32. Kd3 Rd5 33. Ke4 f5+ 34. Ke3 Bf6 35. Bb2 Ra5 36. Bc1 Kd7 37. f4 Kd6 38. Kd3 Kd5 39. Be3 Ra3+ 40. Kd2 Bxd4 41. Bxd4 Kxd4 42.
g3 h6 43. Rb2 Rd3+ 44. Ke2 Re3+ 45. Kf2 Kc3 46. Rxb4 Re4 47. Rb7 g5 48. fxg5 hxg5 49. Rg7 g4 50. Rh7 Kb2 51. Ra7 e5 52. Ra5 f4 53. gxf4 exf4 54. Kg2 Re2+ 55. Kg1 f3 56.
Rg5 Rg2+ 57. Kh1 Kxa2 58. h4 gxh3 0-1

[Event "*** Titled Tuesday Blitz"]
[Site "Chess.com"]
[Date "2021.04.27"]
[Round "1"]
[White "Shuvalov"]
[Black "rasmussvane"]
[Result "0-1"]
[WhiteElo "2454"]
[BlackElo "2914"]
[TimeControl "180+1"]
[EndTime "10:08:26 PDT"]
[Termination "rasmussvane won by resignation"]

1. Nf3 d5 2. c4 e6 3. g3 dxc4 4. Bg2 a6 5. a4 Nc6 6. a5 Bb4 7. Qa4 Bd7 8. Ne5 Bxd2+ 9. Nxd2 Nxe5 10. Qb4 Bc6 11. Bxc6+ bxc6 12. O-O Ne7 13. Nxc4 Rb8 14. Qc3 Nxc4 15. Qxc4 Rb5 16. e4 O-O 17. Be3 Re8 18. Rfd1 Qc8 19. b4 h6 20. Bc5 Ng6 21. f4 Qb7 22. Rd7 Nf8 23. Rd2 Qc8 24. Rad1 Nh7 25. e5 Nf8 26. Qe4 Ng6 27. Qxc6 Nf8 28. h4 h5 29. Qf3 g6 30. Qc6 Rb8 31. Rd4 Qb7 32.
Qxb7 Rxb7 33. Kg2 Rbb8 34. Kf3 Kg7 35. Ke4 Rec8 36. Kd3 Re8 37. Kc4 Rec8 38. Be7 Nh7 39. Rd7 Rb5 40. Bc5 Rbb8 41. Re7 Nf8 42. Rd2 Kg8 43. Rg2 Kg7 44. g4 hxg4 45. Rxg4 Kh6 46. Rxf7 Nh7 47. Be7 Rh8 48. Rg2 Rbg8 49. Rh2 Kh5 50.
Bg5 Kg4 51. Rg2+ Kf3 52. Rxc7 Kxg2 53. Rc6 Nxg5 54. hxg5 Rh4 55. Kc5 Rxf4 56. Rxa6 Re4 57. Rxe6 Rc8+ 58. Kb5 Rb8+ 59. Rb6 Rxe5+ 60. Ka6 Rd8 61. b5 Rxg5 62. Rb7 Rdd5 63. Ka7 Rxb5 64. Rxb5 Rxb5 65. a6 Ra5 66. Kb7 Rxa6 67. Kxa6 g5 0-1

[Event "*** Titled Tuesday Blitz"]
[Site "Chess.com"]
[Date "2021.04.27"]
[Round "1"]
[White "K_A_S_T_O_R"]
[Black "thechesscorner64"]
[Result "1-0"]
[WhiteElo "2783"]
[BlackElo "2413"]
[TimeControl "180+1"]
[EndTime "10:08:27 PDT"]
[Termination "K_A_S_T_O_R won by checkmate"]

1. e4 b5 2. Bxb5 Bb7 3. d3 g6 4. Nf3 Bg7 5. O-O a6 6. Ba4 Nc6 7. c4 e6 8. Nc3 Nge7 9. d4 O-O 10. Be3 d5 11. cxd5 exd5 12. e5 Nf5 13. Bg5 Qd7 14. Rc1 h6 15. Be3 Nxe3 16. fxe3 Qe6 17.
Bb3 Na5 18. Na4 Nxb3 19. Qxb3 Rfb8 20. Nc5 Qb6 21. Qxb6 cxb6 22. Nd7 Rd8 23. Nxb6 Rab8 24. Na4 f6 25. exf6 Bxf6 26. Nc5 Bc8 27. b3 a5 28. Ne5 Bxe5 29. dxe5 Bf5 30. h3 h5 31. e6 Rd6 32.
Rc3 Re8 33. Rf4 Kg7 34. Ra4 Bxe6 35. Rxa5 Bf7 36. Ra7 Kg8 37. b4 d4 38. exd4 Rxd4 39. Rf3 Rd1+ 40. Kh2 Bd5 41. Rg3 Bf7 42.
Nd7 Ree1 43. Nf6+ Kg7 44. Nxh5+ Kh6 45. Rf3 Bd5 46. Nf6 Bxf3 47. gxf3 Kg5 48. Ne4+ Kf4 49. Rf7+ Ke3 50. Kg3 Rg1+ 51. Kh4 Rgf1 52. Kg5 Rxf3 53.
Rxf3+ Kxf3 54. Nc5 Kg3 55. Kxg6 Kxh3 56. Kf5 Rd4 57.
a3 Rd8 58. Ke5 Kg3 59. b5 Rc8 60. Kd6 Kf4 61. b6 Rd8+ 62. Nd7 Ke4 63. b7 Kd4 64.
Kc6 Kc4 65. Nb6+ Kb3 66. Nc8 Kxa3 67. b8=Q Ka4 68. Qb5+ Ka3 69. Qa5+ Kb3 70. Qxd8 Kc4 71. Qd5+ Kb4 72. Qe4+ Kc3 73. Kc5 Kd2 74. Qf3 Kc2 75. Kd4 Kb2 76. Qd3 Ka1 77. Qd2 Kb1 78. Kc3 Ka1 79. Qb2# 1-0

[Event "*** Titled Tuesday Blitz"]
[Site "Chess.com"]
[Date "2021.04.27"]
[Round "1"]
[White "Vugar_Manafov"]
[Black "SergeyShtyka"]
[Result "0-1"]
[WhiteElo "2731"]
[BlackElo "2421"]
[TimeControl "180+1"]
[EndTime "10:08:28 PDT"]
[Termination "SergeyShtyka won by checkmate"]

1. d4 c5 2. dxc5 e5 3. Nc3 Bxc5 4. e4 h6 5. Bc4 Nf6 6. Nd5 O-O 7.
Qf3 Nxd5 8. Bxd5 d6 9. Ne2 Nc6 10. c3 Be6 11. Ng3 Bxd5 12. exd5 Ne7 13. Qg4 Qc8 14.
Qh5 f5 15. O-O Nxd5 16. Rd1 Nf4 17. Bxf4 exf4 18. Ne2 Qe8 19. Qxe8 Rfxe8 20. Nxf4 g5 21. Nd3 Re2 22. Kf1 Rae8 23. Re1 Rxe1+ 24. Rxe1 Rxe1+ 25. Kxe1 Kf7 26. Ke2 Ke6 27. c4 Bd4 28. b4 a6 29.
a4 Bc3 30. Ke3 h5 31. h4 Bf6 32. hxg5 Bxg5+ 33. Kd4 Bf6+ 34. Ke3 Bg5+ 35. Kf3 Bd2 36. g3 Bg5 37. Ke2 d5 38. c5 Bh6 39. f4 Bg7 40.
Ke3 Bf6 41. Ne1 Bc3 42. Nf3 Bxb4 43. Kd4 Kf6 44. Kxd5 Bc3 45. Ne5 Be1 46. Nd7+ Ke7 47. Ne5 Bxg3 48. a5 h4 49. c6 bxc6+ 50. Nxc6+ Kf6 51.
Nd4 h3 52. Ne2 Bf2 53. Kc4 h2 54. Ng3 Bxg3 55. Kc5 h1=Q 56. Kb6 Qd5 57. Kxa6 Qc6+ 58. Ka7 Qb5 59. a6 Bf2+ 60. Ka8 Qb6 61. a7 Qxa7# 0-1

[Event "*** Titled Tuesday Blitz"]
[Site "Chess.com"]
[Date "2021.04.27"]
[Round "1"]
[White "chess94cu"]
[Black "Chessbard1972"]
[Result "1/2-1/2"]
[WhiteElo "2573"]
[BlackElo "2255"]
[TimeControl "180+1"]
[EndTime "10:08:31 PDT"]
[Termination "Game drawn - insufficient material"]

1. e4 c5 2. Nf3 a6 3. c3 d5 4. exd5 Qxd5 5. d4 Nf6 6. Be2 Bg4 7. O-O e6 8. c4 Qd8 9. Nc3 cxd4 10. Qxd4 Nc6 11. Qxd8+ Rxd8 12. Be3 Bb4 13. Na4 O-O 14. a3 Be7 15. Nc5 Bxc5 16. Bxc5 Rfe8 17. Rfd1 Nd7 18. Be3 Nde5 19. Bb6 Rxd1+ 20. Rxd1 Nxf3+ 21. gxf3 Bf5 22. b4 g5 23. Kg2 Ne5 24. c5 Ng6 25. Bc4 Nf4+ 26.
Kg1 Re7 27. Bd8 Re8 28. h4 h6 29. Kh2 Bc2 30. Rd2 Ba4 31. hxg5 hxg5 32. Bxg5 Ng6 33. Bf6 Bc6 34. Kg3 Ne7 35. Kf4 Nd5+ 36. Bxd5 Bxd5 37.
Rd1 Kh7 38. Rh1+ Kg6 39. Ke5 Bxf3 40. Rg1+ Kh5 41. Rg5+ Kh6 42. Rg3 Bh5 43. Bg7+ Kh7 44. Bf6 Rg8 45. Rh3 Kh6 46. f4 Rg1 47. Kd6 Rf1 48.
Be5 Rf3 49. Rxf3 Bxf3 50. a4 Bc6 51. Kc7 Kg6 52. b5 axb5 53. axb5 Bxb5 54. Kxb7 f6 55. Bd6 Kf5 56. Kb6 Ba4 57. Ka5 Be8 58. Kb6 e5 59.
fxe5 fxe5 60. c6 e4 61. c7 Bd7 62. Bc5 Kf4 63. Kb7 e3 64. Bxe3+ Kxe3 65. c8=Q Bxc8+ 1/2-1/2

[Event "*** Titled Tuesday Blitz"]
[Site "Chess.com"]
[Date "2021.04.27"]
[Round "1"]
[White "maximych26"]
[Black "mac0504"]
[Result "1/2-1/2"]
[WhiteElo "2288"]
[BlackElo "2595"]
[TimeControl "180+1"]
[EndTime "10:08:32 PDT"]
[Termination "Game drawn by repetition"]

1. e4 c5 2. Nf3 e6 3. c3 Nf6 4. e5 Nd5 5. d4 cxd4 6. cxd4 d6 7. Nc3 Nxc3 8. bxc3 Qc7 9. Bd2 Nc6 10. Bb5 Bd7 11.
exd6 Bxd6 12. O-O O-O 13. Qe2 Rac8 14. Rab1 Ne7 15. Bd3 Ng6 16. g3 Bc6 17. h4 Bd5 18. h5 Ne7 19. Ne5 f6 20. Ng4 f5 21. Ne5 Bxe5 22.
dxe5 b6 23. a4 Rfd8 24. Bg5 h6 25. Bh4 Bb7 26. Ba6 Rd5 27. Bxe7 Qxe7 28. Bxb7 Qxb7 29. Rfd1 Rxc3 30. Rxd5 Qxd5 31. Rd1 Qc4 32. Rd8+ Kh7 33. Qxc4 Rxc4 34. a5 bxa5 35. Rd7 a4 36. Rxa7 Re4 37. f4 Re3 38. Kf2 Ra3 39. Kg2 Ra2+ 40. Kf3 a3 41.
Ra6 Ra1 42. Kg2 a2 43. Kh2 Kg8 44. Ra7 Kf8 45. Kg2 Ke8 46. Kh2 Kd8 47. Kg2 Kc8 48. Ra3 Kb7 49. Kh2 Kb6 50. Kg2 Kc5 51. Ra8 Kd4 52.
Ra4+ Ke3 53. Ra3+ Kd2 54. Ra8 Ke3 55. Ra3+ Kd4 56. Ra4+ Kd3 57. Ra3+ Kc2 58. Ra8 Kb2 59. Rb8+ Kc3 60. Rc8+ Kd3 61. Ra8 Re1 62. Rxa2 Re2+ 63. Rxe2 Kxe2 64. Kh2 Kf3 65. Kh3 Ke4 66. Kg2 Ke3 67. Kh2 Kf3 68. Kh3 Ke4 69. Kg2 Ke3 70.
Kh2 Kf3 1/2-1/2

[Event "*** Titled Tuesday Blitz"]
[Site "Chess.com"]
[Date "2021.04.27"]
[Round "1"]
[White "MIJuanReyesRosa"]
[Black "alejogarcia1999"]
[Result "1/2-1/2"]
[WhiteElo "2026"]
[BlackElo "2481"]
[TimeControl "180+1"]
[EndTime "10:08:33 PDT"]
[Termination "Game drawn by repetition"]

1. d4 Nf6 2. Nf3 g6 3. c4 Bg7 4.
Nc3 O-O 5. e4 d6 6. Be2 e5 7.
dxe5 dxe5 8. Qxd8 Rxd8 9. Bg5 Re8 10. Nd5 Nxd5 11. cxd5 c6 12. O-O cxd5 13. exd5 e4 14. Nd2 Bxb2 15. Rab1 Bd4 16. Nc4 Bc5 17. Rfd1 b6 18.
d6 Nd7 19. Ne3 Bb7 20. Bb5 Bc8 21. Nd5 Re5 22. Bf4 Rxd5 23. Rxd5 Bb7 24. Rdd1 Rd8 25. Bg5 f6 26. Bc4+ Kg7 27. Be3 Bxe3 28. fxe3 Ne5 29. Bd5 Ba6 30. Bxe4 f5 31. Bf3 Nf7 32. d7 Ne5 33.
Rbc1 Bb5 34. Rc7 a6 35. Rc8 Rxd7 36. Rxd7+ Nxd7 37. Bc6 Bxc6 38. Rxc6 Kf7 39. Kf2 Ke7 40. Rc1 Kd6 41. Ke2 Nc5 42. h3 h5 43. h4 Ke5 44. Kf3 Kf6 45. g3 Ke6 46. Rb1 b5 47. Rc1 Kd6 48. Rd1+ Ke7 49. Rc1 Kd6 50. Rd1+ Ke7 51. Rb1 Ne6 52. Rc1 Kd7 53. Rd1+ Ke7 54. Rc1 Kd7 55. Rc2 Kd6 56. Rd2+ Ke7 57. Rd5 Nc7 58.
Rd1 Ne6 59. Rc1 1/2-1/2

[Event "*** Titled Tuesday Blitz"]
[Site "Chess.com"]
[Date "2021.04.27"]
[Round "1"]
[White "VladimirBelous"]
[Black "WPWPWP-2015"]
[Result "1/2-1/2"]
[WhiteElo "2737"]
[BlackElo "2411"]
[TimeControl "180+1"]
[EndTime "10:08:38 PDT"]
[Termination "Game drawn by repetition"]

1. c4 e5 2. g3 Nf6 3. Bg2 d5 4. cxd5 Nxd5 5. Nf3 Nc6 6. O-O Be7 7. d4 exd4 8. Nxd4 Nxd4 9. Qxd4 Nf6 10. Qa4+ c6 11. Rd1 Bd7 12. Nc3 O-O 13. Bg5 Qc8 14. Rac1 h6 15. Bf4 Bh3 16. e4 Bxg2 17. Kxg2 Qe6 18. f3 a6 19. Bc7 Rac8 20. Bb6 Nd7 21. Bf2 Rfd8 22. Qc2 Nf6 23. a4 Bb4 24. Ne2 Qe7 25. Nd4 g6 26. Be3 Kh7 27. Qb3 Ba5 28. Qc2 Rd7 29.
Nb3 Bb4 30. Rxd7 Nxd7 31. Rd1 Ne5 32. Qc1 Rd8 33. Bd4 h5 34. Qc2 Rd7 35. h4 f6 36. Bf2 Bd6 37. Nc5 Bxc5 38. Bxc5 Qe6 39. Rd4 Rxd4 40. Bxd4 Nd7 41. b3 Qd6 42. Qc4 Kg7 43. Kf2 b5 44. Qd3 Kf7 45. Qc3 c5 46. Be3 Qc6 47. Qc2 Qd6 48. Qe2 Qc6 49. Qc2 c4 50.
bxc4 bxc4 51. Bd4 Nf8 52. Qc3 Nd7 53. Ke3 Qxa4 54. Qb2 Qb3+ 55. Qxb3 cxb3 56. Kd3 a5 57. Kc3 Ne5 58. Bxe5 fxe5 59. Kxb3 g5 60. hxg5 Kg6 61. Ka4 Kxg5 62. Kxa5 h4 63. gxh4+ Kxh4 64. Kb5 Kg3 65. Kc4 Kxf3 66. Kd3 Kf4 67. Kd2 Kxe4 68.
Ke2 Kd4 69. Kd2 Ke4 70. Ke2 Kf4 71. Kf2 e4 72. Ke2 e3 73. Ke1 Ke4 74. Ke2 Kd4 75.
Ke1 Kd3 76. Kd1 Ke4 77. Ke2 Kf4 78. Ke1 Kg3 79. Ke2 Kf4 1/2-1/2

[Event "*** Titled Tuesday Blitz"]
[Site "Chess.com"]
[Date "2021.04.27"]
[Round "1"]
[White "muthaiahchess"]
[Black "Gloomy_Wanderer"]
[Result "0-1"]
[WhiteElo "2366"]
[BlackElo "2708"]
[TimeControl "180+1"]
[EndTime "10:08:44 PDT"]
[Termination "Gloomy_Wanderer won by checkmate"]

1. d4 Nf6 2. Nf3 e6 3. g3 b5 4. Bg2 Bb7 5. O-O c5 6. Re1 Be7 7. a4 b4 8. b3 cxd4 9. Bb2 O-O 10. Nbd2 d5 11. Nxd4 Nbd7 12. e4 dxe4 13. Nxe4 Bxe4 14.
Bxe4 Nxe4 15. Rxe4 Nf6 16. Re3 Rc8 17. Rd3 Qb6 18.
Qe2 Rfd8 19. Rad1 Rd5 20. Kg2 h5 21. h3 a6 22. R1d2 Rcd8 23. Nf3 Rxd3 24. Rxd3 Rc8 25. Ne5 Qb7+ 26. Kh2 h4 27. Nc4 hxg3+ 28. fxg3 Rc5 29. Qg2 Qb8 30. Qf3 Rf5 31. Qe2 Nd5 32. Rf3 Rxf3 33. Qxf3 Bf6 34. Bc1 Qc7 35. Be3 Nxe3 36. Qxe3 g6 37.
Kg2 Kg7 38. h4 Qc6+ 39. Qf3 Qc5 40. Qd3 Bd4 41. Nd2 Qc6+ 42. Nf3 Bf6 43. Kf2 Be7 44. Qc4 Qxc4 45. bxc4 Bc5+ 46. Ke2 f5 47. Ne5 Bd6 48. Nd3 a5 49. Kf2 e5 50. c5 Bc7 51. Nb2 Kf7 52. Nc4 Ke6 53. Ne3 e4 54. g4 f4 55.
Nc4 Bd8 56. h5 gxh5 57. g5 Bxg5 58. Ke2 f3+ 59. Kf2 Kd5 60. Nxa5 Kxc5 61. Nb3+ Kc4 62. a5 h4 63. a6 Bd8 64. Nd2+ Kd5 65. c4+ bxc3 66.
Nb3 Bb6+ 67. Ke1 Kc4 68. a7 Bxa7 69. Nc1 c2 70. Kd2 Bd4 71. Kxc2 e3 72. Nd3 f2 73.
Nxf2 exf2 74. Kd2 f1=Q 75. Kc2 Qd3+ 76. Kc1 Qe2 77. Kb1 Qb2# 0-1

[Event "*** Titled Tuesday Blitz"]
[Site "Chess.com"]
[Date "2021.04.27"]
[Round "1"]
[White "kobemagic"]
[Black "Artem_Sadovsky"]
[Result "1/2-1/2"]
[WhiteElo "2369"]
[BlackElo "2696"]
[TimeControl "180+1"]
[EndTime "10:08:44 PDT"]
[Termination "Game drawn - insufficient material"]

1. c4 g6 2. g3 Bg7 3. Bg2 Nf6 4. Nc3 O-O 5. Nf3 c6 6. O-O d5 7. cxd5 cxd5 8. d4 Ne4 9. Ne5 Nxc3 10. bxc3 Nd7 11. Nd3 Nb6 12. Qb3 Bg4 13. Re1 Rc8 14. Nc5 e5 15. e3 Qe7 16. Ba3 Rfe8 17. Na4 Qc7 18. Nxb6 Qxb6 19. Rab1 Qxb3 20. Rxb3 exd4 21. cxd4 Bxd4 22. Rxb7 Bc5 23. Bxc5 Rxc5 24. Rxa7 d4 25. Ra3 Rc2 26. Rd3 dxe3 27. Rdxe3 Rxe3 28. fxe3 Rxa2 29. Rf1 Re2 30. Bd5 Be6 31. Bxe6 fxe6 32. Rf3 g5 33. h3 h5 34. Kf1 Rh2 35. Rf6 Rxh3 36. Kg2 g4 37. Rxe6 Kf7 38. Rh6 Kg7 39. Rc6 Kf7 40.
Rc4 Ke6 41. Rf4 Ke5 42. Ra4 Kd5 43. Rd4+ Ke5 44. Rf4 Kd5 45. Ra4 Ke5 46. e4 Ke6 47. Ra5 Kd6 48. Rg5 Ke6 49. Rd5 Kf6 50. Rc5 Ke6 51.
e5 Kf5 52. Rb5 h4 53. gxh4 Rxh4 54. e6+ Kxe6 55. Kg3 Rh3+ 56. Kxg4 Rd3 57. Rb6+ Kd5 58. Rb5+ Kc4 59. Rf5 Rd4+ 60. Kg5 Kd3 61. Kg6 Re4 62.
Kf6 Re3 63. Kg6 Ke2 64. Kg5 Rf3 65. Rxf3 Kxf3 1/2-1/2

[Event "*** Titled Tuesday Blitz"]
[Site "Chess.com"]
[Date "2021.04.27"]
[Round "1"]
[White "Pertinhez76"]
[Black "ehrenfeld"]
[Result "0-1"]
[WhiteElo "2107"]
[BlackElo "2506"]
[TimeControl "180+1"]
[EndTime "10:08:44 PDT"]
[Termination "ehrenfeld won on time"]

1. d4 Nf6 2. Bf4 e6 3. e3 b6 4.
Nf3 Be7 5. Nbd2 O-O 6. Bd3 Ba6 7.
c4 d5 8. b3 Nbd7 9. O-O c5 10.
Rc1 cxd4 11. exd4 Rc8 12. Re1 Re8 13. Qe2 Nf8 14. h3 Ng6 15. Bh2 Ba3 16. Rc2 Bb4 17. Rd1 Bd6 18. Ne5 Bb7 19. Ndf3 Ne4 20. Rdc1 Ba3 21.
Rd1 Bb4 22. Rdc1 Nxe5 23. Nxe5 Ba3 24. Rd1 Qh4 25. Nf3 Qh6 26. Qe3 Qxe3 27. fxe3 dxc4 28. bxc4 Red8 29. Ne5 f6 30. Nf3 Kf7 31. Nd2 Nxd2 32. Rdxd2 Bd6 33. Bxd6 Rxd6 34. Kf2 h6 35. Rc3 Ke7 36. Rdc2 e5 37. d5 Rc5 38. Ke2 Bc8 39. g4 Rd8 40. Bf5 Ba6 41. Kf3 Kd6 42.
Bd3 Re8 43. Ra3 Bb7 44. Rxa7 Re7 45. e4 Rec7 46. Rb2 b5 47. cxb5 Rc3 48. Ke2 Kc5 49. Kd2 Kb6 50. Rxb7+ Kxb7 51. a4 Ra3 52. Bc2 Rc4 53. Ke2 Kb6 54. d6 Rd4 55. Bb3 Rxe4+ 56. Kf3 Rd4 57. Kg2 Rxd6 58. Bf7 Rdd3 59. Rc2 Rxa4 60.
Rc8 Kxb5 61. Bc4+ Rxc4 62. Rb8+ Kc5 63. Ra8 Kd4 64. Kf1 Rc2 65. Ke1 Ke3 66. Rb8 Rg2 67. Rb3 Rxb3 0-1

[Event "*** Titled Tuesday Blitz"]
[Site "Chess.com"]
[Date "2021.04.27"]
[Round "1"]
[White "Alexander_Moskalenko"]
[Black "Nils_03"]
[Result "0-1"]
[WhiteElo "2752"]
[BlackElo "2425"]
[TimeControl "180+1"]
[EndTime "10:08:48 PDT"]
[Termination "Nils_03 won on time"]

1. c4 Nf6 2. Nc3 e5 3. g3 Nc6 4. Bg2 Bb4 5. Nd5 Nxd5 6. cxd5 Ne7 7. Qa4 Bd6 8. d3 O-O 9. Bd2 c6 10. dxc6 dxc6 11. Nf3 h6 12. O-O Be6 13. Bc3 Ng6 14. Rfd1 Re8 15. h4 h5 16. Ng5 Bg4 17. d4 Qc7 18. d5 c5 19. Rd2 a6 20. a3 b5 21.
Qa5 Qb7 22. Ne4 Rad8 23. Nxd6 Rxd6 24. a4 b4 25. Qxc5 bxc3 26. bxc3 Red8 27. c4 Qc8 28.
Qb4 a5 29. Qxa5 Qxc4 30. e3 e4 31. Rd4 Qc2 32. Bxe4 Qb2 33. Rf1 Ne5 34. Qd2 Qxd2 35. Rxd2 Bf3 36. Rd4 Bxe4 37. Rxe4 Rxd5 38. Kg2 Ra5 39.
Rb1 Ng4 40. Rb5 Rxb5 41. axb5 Rb8 42. Rb4 Rb6 43. Kf3 Nf6 44. e4 Kf8 45. Ke3 Ke7 46. Kd4 Nd7 47. Kd5 Rd6+ 48. Kc4 Ke6 49. f4 Nb6+ 50.
Kc5 Nd7+ 51. Kc4 f6 52. Rb3 Nb6+ 53. Kc5 Nd7+ 54. Kc4 Rd1 55. b6 Rc1+ 56. Kb5 Rc5+ 57. Ka6 Rc6 58. Ka7 Rc4 59. Ra3 Rxe4 60. b7 Rb4 61. Re3+ Kf7 62. Ra3 Kg6 63. Ra5 Kf7 64.
f5 Ke7 65. Ra6 Rxb7+ 66. Kxb7 Nc5+ 67. Kb6 Nxa6 68. Kxa6 Kd6 69. Kb7 Ke5 70. Kc6 Kxf5 71. Kd7 Kg4 72. Ke6 Kxg3 73. Kf5 Kf3 74. Kg6 Kg4 75.
Kxg7 Kxh4 76. Kxf6 Kg4 0-1

[Event "*** Titled Tuesday Blitz"]
[Site "Chess.com"]
[Date "2021.04.27"]
[Round "1"]
[White "Kaua18"]
[Black "DarkAlekhine"]
[Result "0-1"]
[WhiteElo "2347"]
[BlackElo "2679"]
[TimeControl "180+1"]
[EndTime "10:08:49 PDT"]
[Termination "DarkAlekhine won by checkmate"]

1. e4 Nf6 2. Nc3 d5 3. e5 Ne4 4. Nge2 Nxc3 5. Nxc3 c5 6. g3 Bf5 7. Bg2 e6 8. h4 h6 9. d3 Nc6 10. Qe2 Be7 11. Bf4 a6 12. Nd1 Qa5+ 13. c3 Qb5 14. c4 dxc4 15. dxc4 Qa5+ 16. Bd2 Qd8 17. Bxc6+ bxc6 18.
Bc3 O-O 19. Ne3 Bd3 20. Qg4 Qc7 21. Rd1 Bh7 22. O-O Rad8 23. Ng2 Bf5 24. Qe2 Rxd1 25. Rxd1 Rd8 26. Nf4 Rd7 27. b3 Qd8 28. Rxd7 Qxd7 29. Qd2 Qxd2 30. Bxd2 Bb1 31. Ne2 Bxa2 32. Nc1 Bb1 33.
f4 Kh7 34. Kf2 Bc2 35. h5 g6 36. hxg6+ Kxg6 37. g4 h5 38. gxh5+ Kxh5 39. Kf3 Kh4 40.
Be1+ Kh3 41. Bf2 Bd1+ 42. Ke4 Kg4 43. Be1 Bf8 44. Bd2 Bc2+ 45. Ke3 Bh6 46. Ne2 Bxb3 47. Nc3 Bc2 48. Ke2 Bxf4 49. Be3 Bxe5 50. Bf2 Bxc3 51.
Bxc5 Be5 52. Bd6 Kf5 53. Bc5 Bb3 54. Bb4 Bxc4+ 55. Ke3 Bd5 56. Kd2 Kf6 57. Kd3 Kg6 58. Ba3 f6 59. Bc1 f5 60. Bd2 Kf6 61. Ke3 Bd6 62.
Bc3+ e5 63. Bd2 Ke6 64. Bc3 Bc5+ 65. Kd2 f4 66. Bb2 e4 67. Ke2 e3 68. Ke1 Kf5 69. Kf1 Ke4 70. Bc3 f3 71. Be1 Bc4+ 72. Kg1 f2+ 73.
Kg2 fxe1=Q 74. Kh2 Qf2+ 75. Kh3 Qg1 76. Kh4 Be2 77. Kh3 Bf3 78. Kh4 Qg4# 0-1

[Event "*** Titled Tuesday Blitz"]
[Site "Chess.com"]
[Date "2021.04.27"]
[Round "1"]
[White "ChessAdvanceUSA"]
[Black "Aradhya2000"]
[Result "1/2-1/2"]
[WhiteElo "2313"]
[BlackElo "2633"]
[TimeControl "180+1"]
[EndTime "10:08:52 PDT"]
[Termination "Game drawn - insufficient material"]

1. Nc3 d5 2. d4 Nf6 3. Bg5 Nbd7 4.
Nf3 h6 5. Bh4 e6 6. e3 Be7 7.
Bd3 O-O 8. O-O b6 9. Bxf6 Nxf6 10. Ne5 Bb7 11. Ne2 c5 12. c3 a5 13. Ng3 c4 14.
Bc2 b5 15. f4 b4 16. f5 Qc7 17. Nh5 Bc8 18. fxe6 Bxe6 19. Nf4 Bd6 20. Nxe6 fxe6 21. Ng6 Bxh2+ 22. Kh1 Rf7 23. e4 Nxe4 24. Bxe4 Rxf1+ 25. Qxf1 dxe4 26. Re1 Qf7 27. Qxf7+ Kxf7 28. Kxh2 Kxg6 29. Rxe4 Kf6 30. Re5 bxc3 31. bxc3 Rb8 32. Rxa5 Rb2 33. Rc5 Rxa2 34. Rxc4 Rc2 35. Rc7 g5 36. Rc6 Kf5 37. Rc5+ Kf4 38. Re5 Rxc3 39. Rxe6 h5 40. d5 h4 41. d6 Rd3 42. Rf6+ Ke5 43. Rg6 Kf5 44. Rh6 Kg4 45. Re6 Rd4 46. Rf6 Rd2 47. Kh1 Kg3 48. Rf3+ Kg4 49. Rf6 h3 50. gxh3+ Kg3 51.
Rf1 Rxd6 52. Rg1+ Kh4 53. Ra1 Rd2 54. Ra3 Rf2 55. Kg1 Rf4 56. Kh1 Rc4 57. Kg1 Rc2 58.
Kh1 Rf2 59. Kg1 Re2 60. Kh1 Rd2 61. Kg1 Rc2 62. Kh1 Rc6 63. Kg1 Rc1+ 64. Kg2 Rc2+ 65.
Kg1 Rb2 66. Kh1 Kh5 67. Kg1 Kg6 68. Kh1 Kf5 69. Ra4 Rd2 70. Kg1 Re2 71. Kf1 Rh2 72.
Ra3 Kf4 73. Kg1 Rc2 74. Kh1 Rf2 75. Kg1 Rf3 76. Rxf3+ Kxf3 77. Kh2 Kf4 78. Kg2 g4 79. hxg4 Kxg4 1/2-1/2

[Event "*** Titled Tuesday Blitz"]
[Site "Chess.com"]
[Date "2021.04.27"]
[Round "1"]
[White "amintabatabaei"]
[Black "djano"]
[Result "1-0"]
[WhiteElo "2988"]
[BlackElo "2473"]
[TimeControl "180+1"]
[EndTime "10:08:57 PDT"]
[Termination "amintabatabaei won on time"]

1. e4 c6 2. d4 d5 3. exd5 cxd5 4. Bd3 Nc6 5. c3 Qc7 6. h3 g6 7. Ne2 f6 8. c4 dxc4 9. Bxc4 Nh6 10. O-O Nf5 11.
Bf4 e5 12. dxe5 fxe5 13. Bh2 Bg7 14. Nbc3 Ncd4 15. Nxd4 Qxc4 16. Nf3 O-O 17. Bxe5 Be6 18. Bxg7 Nxg7 19. Qd4 Rxf3 20. Qxc4 Bxc4 21. gxf3 Bxf1 22. Rxf1 Nf5 23. Rd1 Re8 24. Ne4 Re7 25. Kf1 Kg7 26. Ke2 Rc7 27. Rd2 b6 28. a3 h6 29. Ng3 Ne7 30. f4 h5 31. Kf3 Kf7 32. Re2 Rc4 33. Ne4 Nf5 34. Ng5+ Kf8 35. Rd2 Nd4+ 36. Kg2 Nf5 37.
Kf3 Nh4+ 38. Kg3 Nf5+ 39. Kh2 Ke7 40. Re2+ Kd6 41. Re6+ Kd5 42. Rxg6 Rxf4 43. Kg1 Nd4 44. Rh6 Rf5 45. h4 Kc4 46. Rh7 Kb3 47. Rxa7 Kxb2 48.
a4 Ne2+ 49. Kg2 Nc3 50. f3 Rf4 51. Kg3 Rxa4 52. Rh7 b5 53. Rxh5 b4 54. Ne6 b3 55.
Nc5 Rc4 56. Nxb3 Kxb3 57. Re5 Nb1 58. h5 Nc3 59. h6 Rc8 60. Kg4 Rg8+ 61. Kf5 Kc4 62.
h7 Rh8 63. Kg6 Kd4 64. Re1 Nd5 65. Kg7 Rxh7+ 66. Kxh7 Nf4 67. Re4+ 1-0